 Dungeon Crawl Stone Soup version bcrawl-1.27.7 (webtiles) character file.

Game seed: 15014974756526922520

67751 MisterOstroum the Magician (level 1, -1/14 HPs)
             Began as a Mummy Wanderer on Oct 25, 2020.
             Slain by a jackal (2 damage)
             ... on level 2 of the Dungeon.
             The game lasted 00:01:47 (213 turns).

MisterOstroum the Magician (Mummy Wanderer)          Turns: 213, Time: 00:01:48

Health: -1/14      AC:  2    Str: 15    XL:     1   Next: 50%
Magic:  0/4        EV: 12    Int: 12    God:
Gold:   0          SH:  0    Dex: 10    Spells: 4/5 levels left

rFire    x . .     SeeInvis .   f - +0 dagger
rCold    + . .     Gourm    .   (no shield)
rNeg     + + +     Faith    .   d - +0 robe
rPois    ∞         Spirit   .   (no helmet)
rElec    .         Reflect  .   (no cloak)
rCorr    .         Harm     .   (no gloves)
MR       .....     Clarity  +   (no boots)
Stlth    ++........             (no amulet)
HPRegen  0.04/turn              (no ring)
MPRegen  0.09/turn              (no ring)

@: very slightly contaminated
A: no food or potions, fire vulnerability, clarity, cold resistance 1, negative
energy resistance 3, torment resistance, unbreathing
a: no special abilities


You were on level 2 of the Dungeon.
You were not hungry.

You visited 1 branch of the dungeon, and saw 2 of its levels.

Inventory:

Hand Weapons
 a - a +0 club
 f - a +0 dagger (weapon)
Armour
 d - a +0 robe (worn)
Scrolls
 b - a scroll of amnesia {unknown}
 c - a scroll of teleportation {@r3 !r}


   Skills:
 * Level 0.6 Fighting
 - Level 2.4 Dodging
 + Level 2.2 Stealth
 - Level 2.6 Spellcasting
 - Level 0.2 Conjurations
   Level 1.0 Translocations
   Level 1.5 Poison Magic


You had 4 spell levels left.
You knew the following spells:

 Your Spells              Type           Power        Failure   Level  Hunger
a - Magic Dart            Conj           #...         24%         1    N/A

Your spell library contained the following spells:

 Spells                   Type           Power        Failure   Level  Hunger
 Summon Small Mammal      Summ           #...         26%         1    N/A
 Blink                    Tloc           N/A          26%         2    N/A
 Call Imp                 Summ           #.....       36%         2    N/A
 Mephitic Cloud           Conj/Pois/Air  #.......     52%         3    N/A
 Call Canine Familiar     Summ           #.......     58%         3    N/A
 Conjure Flame            Conj/Fire      #.......     58%         3    N/A
 Summon Ice Beast         Ice/Summ       #.......     94%         4    N/A
 Summon Lightning Spire   Summ/Air       #.......     100%        5    N/A
 Spider Form              Tmut/Pois      Unusable     N/A         3    N/A

Dungeon Overview and Level Annotations

Branches:
Dungeon (2/12)

Altars:


Innate Abilities, Weirdness & Mutations

You do not eat or drink.
Your flesh is vulnerable to fire.
You are immune to poison.
You possess an exceptional clarity of mind.
Your flesh is cold resistant. (rC+)
You are immune to negative energy. (rN+++)
You are immune to unholy pain and torment.
You can survive without breathing.


Message History

The jackal barks!
Casting: Magic Dart (safe; 24% risk of failure)
Confirm with . or Enter, or press ? or * to list all spells.
Aiming: Magic Dart (safe; 24% risk of failure)
Press: ? - help, Shift-Dir - straight line, f/p - jackal
Aim: a jackal (lightly wounded)
You miscast Magic Dart.
You are very lightly contaminated with residual magic.
Wisps of smoke drift from your hands.
A jackal comes into view.
Casting: Magic Dart (safe; 24% risk of failure)
Confirm with . or Enter, or press ? or * to list all spells.
Aiming: Magic Dart (safe; 24% risk of failure)
Press: ? - help, Shift-Dir - straight line, f/p - jackal
Aim: a jackal (lightly wounded)
The magic dart hits the jackal but does no damage.
The jackal is lightly wounded.
The jackal barks!
You hear a bark!
Casting: Magic Dart (safe; 24% risk of failure)
Confirm with . or Enter, or press ? or * to list all spells.
Aiming: Magic Dart (safe; 24% risk of failure)
Press: ? - help, Shift-Dir - straight line, f/p - jackal
Aim: a jackal (lightly wounded)
The magic dart hits the jackal.
The jackal is severely wounded.
The jackal closely misses you. The jackal bites you.
Casting: Magic Dart (safe; 24% risk of failure)
Confirm with . or Enter, or press ? or * to list all spells.
You don't have enough magic to cast that spell.
Casting: Magic Dart (safe; 24% risk of failure)
Confirm with . or Enter, or press ? or * to list all spells.
You don't have enough magic to cast that spell.
You hit the jackal but do no damage.
The jackal is severely wounded.
A jackal comes into view.
You hit the jackal but do no damage. The jackal bites you.
You closely miss the jackal. The jackal closely misses you.
You hit the jackal but do no damage.
The jackal bites you but does no damage.
The jackal barely misses you.
You closely miss the jackal. The jackal bites you.
A jackal comes into view.
The jackal barely misses you.
You see here a leather armour.
The jackal bites you but does no damage.
There is a stone staircase leading down here.
The jackal bites you.
You climb downwards.
There is a stone staircase leading up here.
Casting: Magic Dart (safe; 24% risk of failure)
Confirm with . or Enter, or press ? or * to list all spells.
Aiming: Magic Dart (safe; 24% risk of failure)
Press: ? - help, Shift-Dir - straight line, f - jackal
Aim: a jackal The magic dart hits the jackal.
The jackal is heavily wounded.
The jackal bites you. The jackal closely misses you.
You barely miss the jackal.
The jackal is moderately wounded.
The jackal bites you but does no damage.
You hit the jackal but do no damage.
The jackal bites you but does no damage.
You hit the jackal.
The jackal is moderately wounded.
The jackal closely misses you.
The jackal bites you but does no damage.
You hit the jackal but do no damage.
The jackal is moderately wounded.
The jackal barely misses you.
You barely miss the jackal.
The jackal is moderately wounded.
The jackal bites you. The jackal completely misses you.
You hit the jackal but do no damage.
The jackal is moderately wounded.
The jackal barely misses you.
Your magical contamination has completely faded away.
You barely miss the jackal.
The jackal is moderately wounded.
The jackal bites you.
* * * LOW HITPOINT WARNING * * *
Casting: Magic Dart (safe; 24% risk of failure)
Confirm with . or Enter, or press ? or * to list all spells.
Aiming: Magic Dart (safe; 24% risk of failure)
Press: ? - help, Shift-Dir - straight line, f/p - jackal
Aim: a jackal (moderately wounded)
You miscast Magic Dart.
You are very lightly contaminated with residual magic.
Sparks fly from your hands! The jackal misses you.
The jackal closely misses you.
You barely miss the jackal.
The jackal is moderately wounded.
The jackal bites you.
* * * LOW HITPOINT WARNING * * *
You hit the jackal but do no damage.
The jackal is moderately wounded.
The jackal closely misses you. x2
You closely miss the jackal.
The jackal is moderately wounded.
The jackal bites you.
You die...

. #. .# ###
. ..# # ##
#.#.#.#
....#.#.#.#
#....h.#
#@# #.# #.#
#.# ... #.#
#.# #.#


You could see a jackal.

Vanquished Creatures
  A giant cockroach (D:1)
  A goblin (D:1)
  2 rats (D:1)
4 creatures vanquished.

Notes
Turn   | Place    | Note
-------+----------+-------------------------------------------
     0 | D:1      | MisterOstroum the Mummy Wanderer began the quest for the
                  | Orb.
     0 | D:1      | MisterOstroum set off with the following items: a +0 club,
                  | a scroll of teleportation {@r3 !r}, a +0 robe, a +0 dagger;
                  | and the following spells available to memorise: Magic Dart,
                  | Summon Small Mammal, Blink, Call Imp, Mephitic Cloud, Call
                  | Canine Familiar, Conjure Flame, Summon Ice Beast, Summon
                  | Lightning Spire
     0 | D:1      | Reached XP level 1. HP: 13/13 MP: 4/4
     3 | D:1      | Learned a level 1 spell: Magic Dart
   213 | D:2      | Slain by a jackal

Action                   || total
-------------------------++-------
Melee: Dagger            ||    31
 Cast: Magic Dart        ||    12
Armor: Robe              ||     7
Dodge: Dodged            ||    29
